 Dungeon Crawl Stone Soup version 0.24-a0-370-g78e9d4e317 (webtiles) character file.

Game seed: 14575057149596639363

9 Holzbalken the Poker (level 2, 22/22 HPs)
             Began as a Demonspawn Gladiator on May 30, 2019.
             Got out of the dungeon alive.
             The game lasted 00:01:32 (332 turns).

Holzbalken the Poker (Demonspawn Gladiator)          Turns: 332, Time: 00:01:33

Health: 22/22      AC:  4    Str: 14    XL:     2   Next: 6%
Magic:  2/2        EV: 12    Int:  9    God:
Gold:   10         SH:  0    Dex: 14    Spells: 1/1 levels left

rFire    . . .     SeeInvis .   a - +0 trident
rCold    . . .     Gourm    .   (no shield)
rNeg     . . .     Faith    .   b - +0 leather armour
rPois    .         Spirit   .   c - +0 helmet
rElec    .         Reflect  .   (no cloak)
rCorr    .         Harm     .   (no gloves)
MR       .....                  (no boots)
Stlth    ++........             (no amulet)
HPRegen  0.07/turn              (no ring)
MPRegen  0.08/turn              (no ring)

@: no status effects
A: nightstalker 1
a: no special abilities


You escaped.
You were not hungry.

You visited 1 branch of the dungeon, and saw 1 of its levels.

You collected 10 gold pieces.

Inventory:

Hand Weapons
 a - a +0 trident (weapon)
Missiles
 d - 3 throwing nets (quivered)
Armour
 b - a +0 leather armour (worn)
 c - a +0 helmet (worn)
Scrolls
 h - a scroll of amnesia {unknown}
 i - a scroll of identify {unknown}
Potions
 e - a potion of curing {unknown}
Comestibles
 f - 3 rations
 g - 9 chunks of flesh


   Skills:
 - Level 2.0 Fighting
 + Level 3.3 Polearms
 - Level 1.7 Throwing
 - Level 2.6 Dodging


You had one spell level left.
You didn't know any spells.
Your spell library was empty.

Dungeon Overview and Level Annotations

Branches:
Dungeon (1/15)

Altars:


Innate Abilities, Weirdness & Mutations

You are slightly more attuned to the shadows.


Message History

Your demonic ancestry asserts itself...
You slip into the darkness of the dungeon.
A frilled lizard comes into view.
The frilled lizard hisses angrily.
You see here a cursed +0 club.
You miss the frilled lizard.
The frilled lizard bites you but does no damage.
The frilled lizard bites you.
You puncture the frilled lizard!
You kill the frilled lizard!
A rat comes into view.
Found a ration.
Found a scroll labeled SEGOPH LACVI.
A rat is nearby!
The rat is too close now for your liking.
You open the door.
There is an open door here.
There is a staircase leading out of the dungeon here.
Are you sure you want to leave the Dungeon?
This will make you lose the game!
You have escaped!

#...##.#.............##
#...##....###...###...#
######....#......>#...##
#....#.^.....#....#
#.#.............#.#####
#.#......#......#......
#.#.............#.#####
#....#.......#....#
#....#@......#....#
#รท...###...###....#
#.#.............#.#
#.#.............#.#
#######.###...###...###.#
#.......#..............(#
#.#######.###############
#.#..............
#....##....######


There were no monsters in sight!

Vanquished Creatures
  A ball python (D:1)
  2 hobgoblins (D:1)
  2 jackals (D:1)
  A frilled lizard (D:1)
  2 goblins (D:1)
  A rat (D:1)
9 creatures vanquished.

Notes
Turn   | Place    | Note
-------+----------+-------------------------------------------
     0 | D:1      | Holzbalken the Demonspawn Gladiator began the quest for the
                  | Orb.
     0 | D:1      | Reached XP level 1. HP: 16/16 MP: 1/1
    85 | D:1      | Reached skill level 3 in Polearms
   292 | D:1      | Gained mutation: You are slightly more attuned to the
                  | shadows. [demonic ancestry]
   292 | D:1      | Reached XP level 2. HP: 22/22 MP: 2/2
   332 | D:$      | Got out of the dungeon alive.

Levels and vault maps discovered:
D:1:      minmay_arrival_open_corners, layout_basic

Skill      XL: |  1 |
---------------+----+-----
Polearms       | 3 |  3.3
Fighting       | |  2.0
Throwing       | |  1.7
Dodging        | |  2.6

Action                   || total
-------------------------++-------
Melee: Trident           ||    29
 Stab: Sleeping          ||     1
Armor: Leather armour    ||     7
Dodge: Dodged            ||    14

Table legend:
 A = Non-vault XP
 B = Vault XP
 C = Vault XP percentage of total XP
 D = Non-vault monster count
 E = Vault monster count
 F = Vault count percentage of total count
                 A         B        C        D         E       F
            +---------+---------+-------+---------+---------+-------
      Total |      14 |       0 |   0.0 |       9 |       0 |   0.0
            +---------+---------+-------+---------+---------+-------
        D:1 |      14 |       0 |   0.0 |       9 |       0 |   0.0
            +---------+---------+-------+---------+---------+-------
